 Dungeon Crawl Stone Soup version 0.29-a0-823-gc37b1572da (webtiles) character file.

Game seed: 11787331097217303195

4534 zeratav the Tainter (level 10, -9/71 HPs)
             Began as an Octopode Venom Mage on July 8, 2022.
             Mangled by a white ugly thing (32 damage)
             ... on level 7 of the Dungeon.
             The game lasted 00:24:09 (9865 turns).

zeratav the Tainter (Octopode Venom Mage)           Turns: 9865, Time: 00:24:09

Health: -9/71      AC:  3    Str:  7    XL:     10   Next: 39%
Magic:  17/17      EV: 16    Int: 22    God:
Gold:   608        SH:  0    Dex: 13    Spells: 12/19 levels left

rFire   . . .      SeeInvis .   E - staff of poison {staff}
rCold   . . .      Faith    .   (no shield)
rNeg    . . .      Spirit   .   b - +2 hat
rPois   +          Reflect  .   w - amulet of regeneration {@e2}
rElec   .          Harm     .   C - ring of poison resistance
rCorr   .          Rampage  .   (no ring)
Will    .....                   (no ring)
Stlth   ++++......              (no ring)
HPRegen 1.01/turn               (no ring)
MPRegen 0.15/turn               (no ring)
                                (no ring)
                                (no ring)

@: about to teleport
A: almost no armour, amphibious, 8 rings, camouflage 1, gelatinous body 1,
(nimble swimmer 1), tentacles
a: no special abilities


You were on level 7 of the Dungeon.
You visited 1 branch of the dungeon, and saw 7 of its levels.
You also visited: Bailey.

You collected 608 gold pieces.


Innate Abilities, Weirdness & Mutations

You cannot wear most types of armour.
You are amphibious.
You can wear up to eight rings at the same time.
Your skin changes colour to match your surroundings (Stealth+).
Your rubbery body absorbs attacks. (AC +1, EV +1)
((You are camouflaged when in or above water. (Stealth+)))
You have tentacles for arms and can constrict up to eight enemies at once.


   Skills:
 - Level 7.0 Fighting
 - Level 7.0 Dodging
 - Level 5.0 Stealth
 - Level 5.0 Spellcasting
 - Level 5.0 Hexes
 + Level 4.4 Transmutations
 - Level 9.0 Poison Magic


You had 12 spell levels left.
You knew the following spells:

 Your Spells              Type           Power      Damage    Failure   Level
a - Sting                 Tmut/Pois      100%       1d8       1%          1
b - Poisonous Vapours     Pois/Air       74%        N/A       2%          2
c - Olgreb's Toxic Radia  Pois           61%        N/A       2%          4

Your spell library contained the following spells:

 Spells                   Type           Power      Damage    Failure   Level
 Tukima's Dance           Hex            27%        N/A       3%          3
 Mephitic Cloud           Conj/Pois/Air  28%        N/A       9%          3
 Freeze                   Ice            20%        1d4       10%         1
 Summon Small Mammal      Summ           20%        N/A       10%         1
 Portal Projectile        Hex/Tloc       32%        N/A       11%         3
 Summon Guardian Golem    Hex/Summ       16%        N/A       11%         3
 Call Canine Familiar     Summ           5%         N/A       30%         3
 Frozen Ramparts          Ice            10%        1d3       30%         3
 Leda's Liquefaction      Hex/Erth       8%         N/A       34%         4
 Blade Hands              Tmut           12%        N/A       41%         5
 Hailstorm                Conj/Ice       5%         3d4       69%         4

Inventory:

Hand Weapons
 c - a +0 sling
   (You found it on level 1 of the Dungeon)
 r - a +3 trident of protection {polearm}
   (You found it on level 3 of the Dungeon)
Armour
 b - a +2 hat (worn)
   (You found it on level 1 of the Dungeon)
Magical Staves
 E - a staff of poison (weapon) {staff}
   (You found it in a bailey)
Jewellery
 j - an amulet of reflection
   (You found it on level 2 of the Dungeon)
 w - an amulet of regeneration (around mantle) {@e2}
   (You found it on level 5 of the Dungeon)
 C - a ring of poison resistance (left tentacle)
   (You found it on level 7 of the Dungeon)
Scrolls
 a - a scroll of summoning {unknown}
 d - 2 scrolls of brand weapon {unknown}
 e - a scroll of vulnerability {unknown}
 f - 2 scrolls of immolation {unknown}
 g - 5 scrolls of teleportation {@r4}
 i - 6 scrolls of identify {@r1}
 l - 2 scrolls of fog {unknown}
 o - 2 scrolls of enchant weapon {unknown}
 p - a scroll of noise {unknown}
 s - 2 scrolls of amnesia {unknown}
 u - a scroll of fear {unknown}
 y - a scroll of silence {unknown}
 A - a scroll of poison {unknown}
 G - 3 scrolls of enchant armour
Potions
 h - 2 potions of cancellation {unknown}
 k - 2 potions of heal wounds {@q2}
 m - a potion of ambrosia {unknown}
 n - 4 potions of curing {unknown}
 q - 2 potions of berserk rage {unknown}
 t - a potion of lignification {unknown}
 v - a potion of haste {unknown}
 x - a potion of degeneration {unknown}
 z - a potion of attraction {unknown}
 B - 2 potions of brilliance {unknown}

Dungeon Overview and Level Annotations

Branches:
Dungeon (7/15) Zot: 26279  Bailey (visited)
 Temple: D:4-7

Altars:
Cheibriados
Dithmenos
Nemelex Xobeh
Qazlal
Sif Muna
Xom
Yredelemnul

Annotations:
D:4 exclusion: downstairs
D:5 3 runed translucent doors, spaghetti's ghost, weakling GnDe
D:6 exclusion: ice beast

.###.##..###..# #.#
.#.u.##....#.### .#
.#.######......# ..# ...#
#......#.# .. ## .###
#...)..#.# #.# #. .#
#........## ##.## #. ##
####........#########...#
#. #
#....###)###u#..........#
#. # ########.#
#@##.........####. #
#..###.#..............[ #
##........###...##.....
##.<.....# ###.#......
#.####### #........ #.#
##...>... #.# ##......
z.≈.. +.# #...... o$≈y$
## #......


You could see a white ugly thing.


Message History

You squeeze the wight, but do no damage.
You constrict the wight. The wight hits you but does no damage.
The wight hits you with a +3 morningstar of freezing.
You feel drained. The wight freezes you.
HP[-4]
You now have 70 max hp (-1).
You take 4 damage, and now have 67/70 hp.
You puncture the wight!
You destroy the wight!
HP[+2] MP[+1]
You regained 2 hp, and now have 69/70 hp.
Items here: )) [[.
HP[+1]
Your hp is fully restored (70).
Okay, then.
You start resting.
MP[+3]
Your mp is fully restored (17).
You see here a +0 flail {mace}.
Casting: Olgreb's Toxic Radiance (dangerous; 2% risk of failure)
Confirm with . or Enter, or press ? or * to list all spells.
You begin to radiate toxic energy.
The troll shouts!
The troll is poisoned.
The troll looks even sicker.
MP[-4]
You lost 4 mp, and now have 13/17 mp.
The troll looks even sicker.
Your toxic aura wanes.
Casting: Olgreb's Toxic Radiance (dangerous; 2% risk of failure)
Confirm with . or Enter, or press ? or * to list all spells.
You begin to radiate toxic energy.
The troll looks as sick as possible!
MP[-4]
You lost 4 mp, and now have 9/17 mp.
The troll looks as sick as possible!
The troll looks as sick as possible!
Your toxic aura wanes.
MP[+1]
Items here: )) [[.
Casting: Olgreb's Toxic Radiance (dangerous; 2% risk of failure)
Confirm with . or Enter, or press ? or * to list all spells.
You begin to radiate toxic energy.
The troll looks as sick as possible!
MP[-4]
You lost 4 mp, and now have 6/17 mp.
The troll looks as sick as possible!
Reach: r) +3 trident (protect) {polearm}
Press: ? - help, Dir - move target, f - troll
Aim: a troll (almost dead, extremely poisoned, about 37% to evade your +3 trident of protection)
You reach to attack!
You hit the troll.
Your weapon exudes an aura of protection.
You kill the troll!
Your toxic aura wanes.
Your life force feels restored.
Your Transmutations skill increases to level 4!
You now have 71 max hp (+1).
You start resting.
A killer bee is nearby!
HP[+1] MP[+8]
Your hp is fully restored (71).
You regained 8 mp, and now have 14/17 mp.
Casting: Olgreb's Toxic Radiance (dangerous; 2% risk of failure)
Confirm with . or Enter, or press ? or * to list all spells.
You begin to radiate toxic energy.
The killer bee buzzes angrily.
The killer bee is poisoned.
The killer bee looks even sicker.
MP[-4]
You lost 4 mp, and now have 10/17 mp.
You kill the killer bee!
Items here: )) [[.
You start resting.
Your toxic aura wanes.
MP[+1]
You start resting.
MP[+6]
Your mp is fully restored (17).
Okay, then.
Your +3 trident of protection {polearm} goes still.
E - a staff of poison (weapon)
{staff} A white ugly thing comes into view.
The white ugly thing gurgles horribly!
You hear an angry buzzing noise.
As you read the scroll labelled EXUODI SUUM, it crumbles to dust.
It is a scroll of identify.
g - 6 scrolls of teleportation The white ugly thing barely misses you.
As you read the scroll of teleportation {@r4}, it crumbles to dust.
You feel strangely unstable. The white ugly thing stings you!
The white ugly thing freezes you!!
* * * LOW HITPOINT WARNING * * *
HP[-36]
You take 36 damage, and now have 35/71 hp.
MASSIVE DAMAGE!! (PAUSE) It was a potion of heal wounds.
You feel much better. The white ugly thing stings you!
The white ugly thing freezes you!!
* * * LOW HITPOINT WARNING * * *
HP[-15]
You take 15 damage, and now have 20/71 hp.
MASSIVE DAMAGE!! (PAUSE)
You feel much better. The white ugly thing stings you!
* * * LOW HITPOINT WARNING * * *
The white ugly thing freezes you!!
You die...

Skill      XL: |  1  2  3  4  5  6  7  8  9 10 |
---------------+-------------------------------+-----
Stealth        | 3 4 5 |  5.0
Poison Magic   | 4 5 7 8 9 |  9.0
Fighting       | 2 5 6 7 |  7.0
Dodging        | 3 5 6 7 |  7.0
Spellcasting   | 4 5 |  5.0
Hexes          | 5 |  5.0
Transmutations | 4 |  4.4

Action                   |  1- 3 |  4- 6 |  7- 9 | 10-12 || total
-------------------------+-------+-------+-------+-------++-------
Melee: Trident           |       |     9 |    76 |    31 ||   116
       Constrict         |       |     2 |     9 |     7 ||    18
       Tentacles         |       |     2 |    16 |    10 ||    28
       Punch             |       |       |     2 |     1 ||     3
       Staff             |       |       |       |     1 ||     1
 Fire: Sling             |    86 |   124 |     5 |     2 ||   217
 Cast: Sting             |    28 |    29 |    11 |       ||    68
       Poisonous Vapours |       |    17 |    76 |     7 ||   100
       Olgreb's Toxic Ra |       |       |    38 |    13 ||    51
  Use: Potion            |       |       |     1 |     2 ||     3
       Scroll            |       |       |       |     2 ||     2
 Stab: Sleeping          |       |       |     3 |       ||     3
       Distracted        |       |       |     1 |       ||     1
Armor: Skin              |    15 |    53 |    22 |    14 ||   104
Dodge: Dodged            |    54 |   112 |    78 |    27 ||   271
Block: Other             |       |     5 |     1 |       ||     6
       Reflection        |       |     1 |       |       ||     1

Levels and vault maps discovered:
D:1:      minmay_arrival_shattered_statue, layout_basic
D:2:      layout_rooms, hellmonk_ecumenical_altar_pennies_from_heaven,
          basic_altar, minmay_unequal
D:3:      layout_rooms, minmay_distorted
D:4:      layout_loops_ring, nicolae_qazlal_scattered_showers,
          grunt_temple_overflow_open, uniq_blork_the_orc, uniq_edmund
D:5:      layout_loops_cross, kennysheep_orc_sif_temple, gammafunk_ghost_split
D:6:      layout_loops_ring, mainiacjoe_overflow_surrounded_room, temple_green
D:7:      layout_rooms, fedhas_altar_decomposition,
          lemuel_zombie_altar_yredelemnul, enter_bailey_6, grunt_potential

Notes
Turn   | Place    | Note
-------+----------+-------------------------------------------
     0 | D:1      | zeratav the Octopode Venom Mage began the quest for the
                  | Orb.
     0 | D:1      | Reached XP level 1. HP: 11/11 MP: 3/3
     0 | D:1      | magus.rc [v1.9.6]
   178 | D:1      | Reached skill level 3 in Stealth
   398 | D:1      | Reached skill level 4 in Poison Magic
   398 | D:1      | Reached XP level 2. HP: 17/17 MP: 5/5
   409 | D:1      | HP: 4/17 [hobgoblin (3)]
  1286 | D:2      | You pick up a book of Callings and begin reading...
  1286 | D:2      | You add the spells Summon Small Mammal, Call Canine
                  | Familiar and Summon Guardian Golem to your library.
  1311 | D:2      | Found a faded altar of an unknown god.
  1324 | D:2      | Reached skill level 4 in Stealth
  1324 | D:2      | Reached XP level 3. HP: 18/21 MP: 0/6
  1551 | D:2      | Found a shadowy altar of Dithmenos.
  2081 | D:3      | Reached XP level 4. HP: 22/27 MP: 0/7
  2539 | D:3      | Reached skill level 5 in Poison Magic
  2764 | D:4      | Reached skill level 5 in Stealth
  2799 | D:4      | Reached XP level 5. HP: 31/31 MP: 3/8
  2877 | D:4      | Found a stormy altar of Qazlal.
  2894 | D:4      | Reached skill level 6 in Poison Magic
  3296 | D:4      | Found a shadowy altar of Dithmenos.
  3296 | D:4      | Noticed Edmund
  3301 | D:4      | Learned a level 2 spell: Poisonous Vapours
  3325 | D:4      | HP: 1/31 [Edmund/+3 flail of protection (10)]
  3327 | D:4      | Killed Edmund
  3328 | D:4      | Reached skill level 7 in Poison Magic
  3328 | D:4      | Reached XP level 6. HP: 1/36 MP: 3/9
  3645 | D:4      | Found a shimmering altar of Xom.
  3657 | D:4      | Found a snail-covered altar of Cheibriados.
  3782 | D:4      | Noticed Blork the orc
  3793 | D:4      | Killed Blork the orc
  4038 | D:4      | Reached skill level 8 in Poison Magic
  4152 | D:4      | Learned a level 4 spell: Olgreb's Toxic Radiance
  4386 | D:5      | Entered Level 5 of the Dungeon
  4420 | D:5      | Noticed an acid dragon
  4439 | D:5      | Reached XP level 7. HP: 41/41 MP: 2/10
  4530 | D:5      | Noticed spaghetti's ghost (weakling GnDe)
  4536 | D:5      | Found a runed translucent gate.
  4536 | D:5      | Found a runed translucent gate.
  4536 | D:5      | Found a runed translucent gate.
  4681 | D:5      | Reached skill level 9 in Poison Magic
  4684 | D:5      | Reached skill level 1 in Fighting
  4976 | D:5      | Reached skill level 2 in Fighting
  4976 | D:5      | Reached skill level 3 in Dodging
  5568 | D:5      | Reached XP level 8. HP: 51/51 MP: 0/11
  5679 | D:5      | Reached skill level 3 in Fighting
  5679 | D:5      | Reached skill level 4 in Dodging
  6045 | D:5      | You pick up a book of Weapons and begin reading...
  6045 | D:5      | You add the spells Tukima's Dance, Portal Projectile and
                  | Blade Hands to your library.
  6211 | D:5      | Reached skill level 4 in Fighting
  6243 | D:5      | Found a shimmering blue altar of Sif Muna.
  6403 | D:5      | Reached skill level 5 in Dodging
  6578 | D:6      | Reached skill level 5 in Fighting
  6846 | D:6      | You pick up a book of Frost and begin reading...
  6846 | D:6      | You add the spells Freeze, Frozen Ramparts and Hailstorm to
                  | your library.
  6867 | D:6      | Found a sparkling altar of Nemelex Xobeh.
  6962 | D:6      | Reached skill level 3 in Spellcasting
  7243 | D:6      | You pick up a book of the Hunter and begin reading...
  7411 | D:6      | Reached skill level 4 in Spellcasting
  7620 | D:7      | Reached XP level 9. HP: 61/61 MP: 11/16
  7725 | D:7      | Found a flagged portal.
  7736 | D:7      | Reached skill level 5 in Spellcasting
  7736 | D:7      | Reached skill level 1 in Hexes
  7754 | Bailey   | Entered a bailey
  7813 | Bailey   | Reached skill level 2 in Hexes
  8003 | Bailey   | Reached skill level 3 in Hexes
  8106 | Bailey   | Identified a +0 crystal plate armour
  8119 | Bailey   | Reached skill level 4 in Hexes
  8231 | Bailey   | Reached skill level 5 in Hexes
  8439 | Bailey   | C - a +0 crystal plate armour {rare=g}
  8677 | Bailey   | Reached skill level 6 in Fighting
  8677 | Bailey   | Reached skill level 6 in Dodging
  8933 | Bailey   | Reached XP level 10. HP: 47/69 MP: 13/17
  8967 | Bailey   | D - a +1 triple sword of holy wrath {longrare=g}
  8975 | Bailey   | Identified a +0 crystal plate armour
  9211 | Bailey   | F - a +0 crystal plate armour {rare=g}
  9260 | Bailey   | You drop a +0 crystal plate armour {rare=g}.
  9261 | Bailey   | You drop a +0 crystal plate armour {rare=g}.
  9445 | D:7      | Reached skill level 7 in Fighting
  9445 | D:7      | Reached skill level 7 in Dodging
  9494 | D:6      | You drop a +1 triple sword of holy wrath {longrare=g}.
  9540 | D:7      | Reached skill level 2 in Transmutations
  9549 | D:7      | Found a basalt altar of Yredelemnul.
  9593 | D:7      | Reached skill level 3 in Transmutations
  9731 | D:7      | Reached skill level 4 in Transmutations
  9842 | D:7      | Noticed a white ugly thing
  9865 | D:7      | Mangled by a white ugly thing

Vanquished Creatures
  An unseen horror zombie (D:7)
  A troll (D:7)
  2 water moccasins
  Edmund (D:4)
  A black bear (D:6)
  9 orc warriors (Bailey)
  3 ogres (D:5)
  12 centaurs
  Blork the orc (D:4)
  4 bullfrogs
  A scorpion (D:6)
  3 necrophages
  A gnoll sergeant (D:6)
  2 wights (D:7)
  2 killer bees (D:7)
  A jelly (D:5)
  2 orc priests
  3 hounds (D:5)
  A gnoll bouda (D:5)
  6 orc wizards (D:5)
  5 iguanas
  A killer bee zombie (D:7)
  11 gnolls
  5 adders
  A white imp (D:7)
  An ufetubus (D:6)
  3 worms
  38 orcs
  7 endoplasms
  A giant cockroach (D:3)
  6 goblins
  7 hobgoblins
  2 jackals (D:1)
  2 quokkas
  11 ball pythons
  7 bats
  2 frilled lizards
  5 kobolds
  6 rats
178 creatures vanquished.

Table legend:
 A = Non-vault XP
 B = Vault XP
 C = Vault XP percentage of total XP
 D = Non-vault monster count
 E = Vault monster count
 F = Vault count percentage of total count
                 A         B        C        D         E       F
            +---------+---------+-------+---------+---------+-------
      Total |    2739 |    3739 |  57.7 |     118 |      60 |  33.7
            +---------+---------+-------+---------+---------+-------
        D:1 |      28 |       0 |   0.0 |      20 |       0 |   0.0
        D:2 |      35 |       9 |  20.5 |       7 |       5 |  41.7
        D:3 |      35 |       5 |  12.5 |      19 |       2 |   9.5
        D:4 |     166 |     244 |  59.5 |      17 |       2 |  10.5
        D:5 |    1219 |      38 |   3.0 |      31 |       2 |   6.1
        D:6 |     527 |       0 |   0.0 |      12 |       0 |   0.0
        D:7 |     729 |     962 |  56.9 |      12 |       8 |  40.0
     Bailey |       0 |    2481 | 100.0 |       0 |      41 | 100.0
            +---------+---------+-------+---------+---------+-------

Illustrated notes

Table legend:
 A = Kills in this place as a percentage of kills in entire the game.
 B = Kills by you in this place as a percentage of kills by you in the entire game.
 C = Kills by friends in this place as a percentage of kills by friends in the entire game.
 D = Other kills in this place as a percentage of other kills in the entire game.
 E = Experience gained in this place as a percentage of experience gained in the entire game.
 F = Experience gained in this place divided by the number of levels of this place that you have seen.
                   A       B       C       D       E      F
               +-------+-------+-------+-------+-------+----------------------
         Total | 100.0 | 100.0 |   N/A |   N/A | 100.0 | 809.8
       Dungeon |  77.0 |  77.0 |   N/A |   N/A |  61.7 | 571.0
        Bailey |  23.0 |  23.0 |   N/A |   N/A |  38.3 | 2481.0
               +-------+-------+-------+-------+-------+----------------------

Table legend: (Time is in decaauts)
 A = Elapsed time spent in this place.
 B = Non-inter-level travel time spent in this place.
 C = Inter-level travel time spent in this place.
 D = Time resting spent in this place.
 E = Time spent auto-exploring this place.
 F = Levels seen in this place.
 G = Mean time per level.
                   A        B        C        D        E       F      G
               +--------+--------+--------+--------+--------+-----+--------+
         Total |   9979 |   9770 |    209 |   3048 |   4812 |   8 | 1247.4 |
       Dungeon |   8430 |   8221 |    209 |   2189 |   4678 |   7 | 1204.3 |
        Bailey |   1549 |   1549 |      0 |    859 |    134 |   1 | 1549.0 |
               +--------+--------+--------+--------+--------+-----+--------+

Top non-repeatable levels by time:
     D:5: 2082 daAuts
     D:4: 1797 daAuts
  Bailey: 1549 daAuts
     D:1: 1250 daAuts
     D:6: 1048 daAuts
     D:2: 768 daAuts
     D:3: 767 daAuts
     D:7: 714 daAuts
